AoeStats
← MeerTasche

Hideout

509935591Analyzed
1v1 RM · 5d ago on Sep 28, 2026· 51m 2s· 2 players
Game mode
Random Map
Map size
Tiny (2 player)
Population
200
Speed
Normal
Resources
Standard
Victory
Conquest
Starting age
Dark Age
Ending age
Imperial Age
RankedLock teamsTeams togetherTeam positionsShared explorationLock speedFull tech treeHidden civsTurbo modeCheats
Victory
Defeat
🇩🇪 Burgundians · Germany
953
+14
🇧🇷 Spanish · Brazil
918
-14
ederadriano01
7:25 Loom
13:16 Feudal Age
14:06 Double-Bit Axe
14:12 Horse Collar
15:33 Man-at-Arms
20:50 Wheelbarrow
21:57 Fletching
22:21 Forging
26:37 Castle Age
24:53 Gold Mining
26:44 Long Swordsman
39:29 Bow Saw
43:25 Bodkin Arrow
48:36 Imperial Age
47:13 Town Watch
MeerTasche
10:19 Feudal Age
8:37 Loom
10:24 Feudal Age
13:33 Wheelbarrow
12:49 Double-Bit Axe
12:57 Man-at-Arms
17:26 Town Watch
19:59 Arson
24:46 Castle Age
23:01 Scale Mail Armor
23:04 Gold Mining
22:57 Horse Collar
24:10 Forging
24:48 Heavy Plow
25:38 Bow Saw
25:07 Long Swordsman
26:20 Chain Mail Armor
26:15 Squires
29:11 Town Patrol
30:11 Elite Skirmisher
31:03 Fletching
31:13 Padded Archer Armor
32:33 Bodkin Arrow
32:53 Leather Archer Armor
33:14 Ballistics
34:31 Hand Cart
39:25 Imperial Age
38:15 Scale Barding Armor
39:09 Iron Casting
41:10 Two-Man Saw
40:45 Bracer
41:07 Husbandry
42:55 Stone Mining
43:40 Gold Shaft Mining
44:48 Elite Coustillier
46:12 Plate Mail Armor
46:42 Blast Furnace
46:21 Chain Barding Armor
47:56 Crop Rotation
50:44 Blast Furnace
50:19 Plate Barding Armor
Connection lost

Rejoining the realm…

Still unreachable

The connection could not be restored.

Session expired

The server has moved on; the page needs a fresh start.